 Dungeon Crawl Stone Soup version 0.27.0-1-g7a089689b8 (webtiles) character file.

Game seed: 3150248632664828481

516 gruntus the Ruffian (level 7, -3/67 HPs)
             Began as a Troll Fighter on Aug 14, 2021.
             Slain by an ogre (20 damage)
             ... on level 4 of the Dungeon.
             The game lasted 00:42:05 (3247 turns).

gruntus the Ruffian (Troll Fighter)                 Turns: 3247, Time: 00:42:06

Health: -3/67      AC:  4    Str: 27    XL:     7   Next: 0%
Magic:  6/6        EV:  8    Int:  4    God:
Gold:   154        SH:  9    Dex:  9    Spells: 6/6 levels left

rFire    . . .     SeeInvis .     - Unarmed
rCold    . . .     Faith    .   b - +0 kite shield
rNeg     . . .     Spirit   .   a - +0 robe
rPois    .         Reflect  .   (helmet restricted)
rElec    .         Harm     .   (no cloak)
rCorr    .         Rampage  .   (gloves unavailable)
Will     .....                  (boots unavailable)
Stlth    +.........             (no amulet)
HPRegen  1.21/turn              (no ring)
MPRegen  0.10/turn              (no ring)

@: no status effects
A: large, unfitting armour, claws 3, regeneration 1, shaggy fur 1, tough skin 1
a: no special abilities


You were on level 4 of the Dungeon.
You visited 1 branch of the dungeon, and saw 4 of its levels.

You collected 154 gold pieces.

Inventory:

Hand Weapons
 j - a +0 whip
 l - a +0 spear
 m - a +2 whip of draining
 n - a +0 club
 o - a +0 hand axe
 r - a +0 short sword
 s - a +0 dagger
 u - a +0 club
 v - a +0 short sword
 w - a +0 dagger
 y - a +4 hand axe of holy wrath
 z - a +0 dagger
 F - a +1 short sword of distortion
 P - a +3 halberd of protection
 R - a +2 dagger of flaming
Missiles
 g - 20 poisoned darts (quivered)
 k - 113 stones
 E - 11 bolts
 Q - 23 arrows
Armour
 a - a +0 robe (worn)
 b - a +0 kite shield (worn)
 d - a +0 pair of boots
 f - a +0 robe
 p - a +0 ring mail
 q - a +2 chain mail of poison resistance
 x - a +0 chain mail
 G - a +0 plate armour
 H - a +0 leather armour
Jewellery
 C - a +4 ring of evasion
Scrolls
 h - 4 scrolls of identify
 i - 3 scrolls of teleportation
 A - a scroll of noise {unknown}
 I - a scroll of vulnerability {unknown}
 J - a scroll of magic mapping {unknown}
Potions
 c - a potion of might
 e - 2 potions of degeneration
 t - a potion of attraction
 B - a potion of brilliance {unknown}
 D - a potion of curing
 K - a potion of berserk rage {unknown}
 L - a potion of haste {unknown}
 M - a potion of flight {unknown}
 N - a potion of resistance {unknown}
 O - a potion of lignification {unknown}


   Skills:
 + Level 3.3 Fighting
 + Level 3.7 Dodging
 + Level 0.8 Stealth
 + Level 3.4 Shields
 + Level 5.0 Unarmed Combat


You had 6 spell levels left.
You didn't know any spells.
Your spell library contained the following spells:

 Spells                   Type           Power      Damage    Failure   Level
 Foxfire                  Conj/Fire      0%         2x1d4     88%         1
 Call Canine Familiar     Summ           0%         N/A       99%         3
 Portal Projectile        Hex/Tloc       0%         N/A       99%         3
 Leda's Liquefaction      Hex/Erth       0%         N/A       100%        4


Dungeon Overview and Level Annotations

Branches:
Dungeon (4/15)             Temple (0/1) D:4

Altars:


Innate Abilities, Weirdness & Mutations

You are too large for most types of armour.
You have claws for hands.
Your natural rate of healing is unusually fast.
You are covered in fur. (AC +1)
You have tough skin. (AC +1)


Message History

Q - 23 arrows An orc comes into view. It is wielding a +0 mace.
The orc shouts!
You claw the orc!
You kill the orc!
No target in view!
Things that are here:
a +0 mace; a +0 leather armour; an orc corpse You see here a +0 spear.
You see here a gnoll corpse.
Items here: ))) †.
Found a runed dagger.
You see here a +2 dagger of flaming.
R - a +2 dagger of flaming You now have 154 gold pieces (gained 19).
There are no items here.
You open the door.
An ogre comes into view. It is wielding a +0 giant club.
Found a scroll labelled SILAKICOEMM.
The ogre shouts!
An endoplasm comes into view.
An orc comes into view. It is wielding a +0 whip.
Found 19 bolts and 11 gold pieces.
There is an open door here.
Attack: -) Claws
Press: ? - help, Dir - move target
Okay, then.
The orc shouts!
You claw the ogre!
The ogre is moderately wounded.
The ogre hits you with a +0 giant club!!
You scratch the ogre.
The ogre is heavily wounded.
The ogre hits you with a +0 giant club!!
* * * LOW HITPOINT WARNING * * *
The ogre hits you with a +0 giant club!
* * * LOW HITPOINT WARNING * * *
The endoplasm hits you but does no damage.
The ogre hits you with a +0 giant club!!
You die...

##'##.........# ####............#
..#####........# ...............#
...............# #########
####..............### ........#
###.........#####......
........###...........# #######
............#...@.....######.....
........>......OJ..........#..##.
....#'####......#........#.#.###.
....#.####.....###.......#.#.###.
....#....#....## ##......#.#.....
....##...#.....# #.......#.#.....
+#...'...#..#.## ##.#....#.#...##
.#.###.....##'# ####...#.#.####
#...#####.##?...Jo..$##..#.#)...#


You could see an ogre and an endoplasm.

Vanquished Creatures
  A water moccasin (D:4)
  A scorpion (D:4)
  A centaur zombie (D:4)
  3 hounds (D:4)
  A jelly (D:4)
  An iguana (D:4)
  4 gnolls (D:4)
  3 adders
  An ufetubus (D:4)
  4 adder skeletons
  A worm (D:3)
  3 dart slugs
  8 orcs
  12 ball pythons
  8 endoplasms
  A giant cockroach (D:4)
  4 goblins
  6 hobgoblins
  7 jackals
  10 kobolds
  3 quokkas
  6 bats
  2 frilled lizards
  2 rats (D:2)
93 creatures vanquished.

Vanquished Creatures (others)
  A fungus (D:2)
1 creature vanquished.

Grand Total: 94 creatures vanquished

Notes
Turn   | Place    | Note
-------+----------+-------------------------------------------
     0 | D:1      | gruntus the Troll Fighter began the quest for the Orb.
     0 | D:1      | Reached XP level 1. HP: 22/22 MP: 0/0
   303 | D:1      | Reached XP level 2. HP: 29/29 MP: 1/1
  1042 | D:2      | Reached XP level 3. HP: 37/37 MP: 2/2
  1425 | D:2      | Found a faded altar of an unknown god.
  1459 | D:2      | Got Plato's Catalogue of Confrontation
  1679 | D:3      | Reached XP level 4. HP: 45/45 MP: 3/3
  2381 | D:4      | Reached skill level 3 in Unarmed Combat
  2446 | D:4      | Reached XP level 5. HP: 31/53 MP: 4/4
  2658 | D:4      | Noticed a water moccasin
  2667 | D:4      | Killed a water moccasin
  2668 | D:4      | Reached skill level 4 in Unarmed Combat
  2668 | D:4      | Reached XP level 6. HP: 57/61 MP: 5/5
  2772 | D:4      | Found a staircase to the Ecumenical Temple.
  3064 | D:4      | Reached skill level 5 in Unarmed Combat
  3064 | D:4      | Reached XP level 7. HP: 67/67 MP: 6/6
  3247 | D:4      | Slain by an ogre

Illustrated notes

Levels and vault maps discovered:
D:1:      mrwooster_arrival_arrow, layout_basic, minmay_misc_feat_square
D:2:      layout_rooms, shapermc_ecumenical_altar_rom_forum
D:3:      layout_loops_cross, due_unseen_surprise
D:4:      minmay_recursive_quarters, layout_basic,
          minmay_temple_entry_stoned_glass, minmay_misc_feat_doors,
          minmay_fractal_squares_gapless_5

Skill      XL: |  1  2  3  4  5  6 |
---------------+-------------------+-----
Fighting       | 3 |  3.3
Dodging        | 3 |  3.7
Unarmed Combat | 3 4 5 |  5.0
Shields        | 3 |  3.4
Stealth        | |  0.8

Action                   |  1- 3 |  4- 6 |  7- 9 || total
-------------------------+-------+-------+-------++-------
Melee: Unarmed           |   118 |   133 |     6 ||   257
  Use: Potion            |     1 |       |       ||     1
       Scroll            |     4 |       |       ||     4
 Stab: Sleeping          |     1 |     1 |       ||     2
Armor: Robe              |    40 |    40 |     1 ||    81
Dodge: Dodged            |    37 |    38 |       ||    75
Block: Kite shield       |    46 |    53 |     2 ||   101
